 Dungeon Crawl Stone Soup version 0.26.1-2-gb8aa6d0cf2 (webtiles) character file.

Game seed: 4456087265003951875

319 Qrupt the Cudgeller (level 6, -1/48 HPs)
             Began as a Demonspawn Gladiator on Feb 6, 2021.
             Slain by an orc
             ... wielding a +0 war axe of electrocution
              (16 damage)
             ... on level 3 of the Dungeon on Feb 10, 2021.
             The game lasted 00:05:51 (3839 turns).

Qrupt the Cudgeller (Demonspawn Gladiator)          Turns: 3839, Time: 00:05:52

Health: -1/48      AC:  5    Str: 16    XL:     6   Next: 21%
Magic:  6/6        EV: 14    Int:  9    God:
Gold:   130        SH:  0    Dex: 15    Spells: 5/5 levels left

rFire    . . .     SeeInvis .   a - +0 flail
rCold    . . .     Faith    .   (no shield)
rNeg     . . .     Spirit   .   h - +1 leather armour {Will+}
rPois    .         Reflect  .   (helmet restricted)
rElec    .         Harm     .   (no cloak)
rCorr    .         Rampage  .   (no gloves)
Will     +....                  s - +0 pair of boots
Stlth    +.........             (no amulet)
HPRegen  0.16/turn              (no ring)
MPRegen  0.10/turn              (no ring)

@: confused
A: antennae 2, demonic guardian 1
a: no special abilities


You were on level 3 of the Dungeon.
You visited 1 branch of the dungeon, and saw 3 of its levels.

You collected 130 gold pieces.

Inventory:

Hand Weapons
 a - a +0 flail (weapon)
Armour
 b - a +0 leather armour
 c - a +0 helmet
 h - a +1 leather armour of willpower (worn)
 s - a +0 pair of boots (worn)
 w - a +1 animal skin
Jewellery
 g - an uncursed ring of protection from fire {unknown}
 o - an uncursed ring of stealth {unknown}
 p - an uncursed amulet of magic regeneration {unknown}
Wands
 d - a wand of digging (4)
Scrolls
 e - a scroll of random uselessness {unknown}
 f - 2 scrolls of identify {unknown}
 i - a scroll of teleportation {unknown}
 j - a scroll of amnesia {unknown}
 l - a scroll of immolation {unknown}
 m - a scroll of fog {unknown}
 t - 2 scrolls of enchant armour {unknown}
 v - a scroll of remove curse {unknown}
Potions
 n - a potion of ambrosia
 q - a potion of flight {unknown}
 r - a potion of invisibility {unknown}
 u - a potion of lignification {unknown}


   Skills:
 + Level 3.7 Fighting
 + Level 3.9 Maces & Flails
 + Level 3.3 Throwing
 + Level 3.9 Dodging


You had 5 spell levels left.
You didn't know any spells.
Your spell library was empty.

Dungeon Overview and Level Annotations

Branches:
Dungeon (3/15)

Altars:
Makhleb
Uskayaw
Xom


Innate Abilities, Weirdness & Mutations

You have a pair of antennae on your head.
A weak demonic guardian rushes to your aid.


Message History

The orc hits you with a +0 war axe of electrocution.
You are electrocuted!
* * * LOW HITPOINT WARNING * * *
You are too injured to fight recklessly!
Throw: 2 throwing nets
Press: ? - help, Q - select action Shift-Dir - straight line, f - orc
Aim: an orc, wielding a +0 war axe of electrocution and wearing a +0 ring mail (64% to hit)
You throw a throwing net. The throwing net barely misses the orc.
The orc closely misses you.
Unknown command.
Throw: throwing net
Press: ? - help, Q - select action Shift-Dir - straight line, f/p - orc
Aim: an orc, wielding a +0 war axe of electrocution and wearing a +0 ring mail (64% to hit)
You throw a throwing net. The throwing net barely misses the orc.
It was a potion of ambrosia.
You are confused.
You feel invigorated.
The orc hits you with a +0 war axe of electrocution.
You are electrocuted!
You die...

#####.########.##.#
#.########.##.#
########.............#
##.....[..########.##.#
..............# #.##.####
#.#####..####.###.......#
.........†...........##.###
..#(........o......)........ #
#.###.#####@..#.#..##.####
...#.#.........#...#.#........
.............#.#...#.#..##.###
##
.......#######.#..............
.. .......o
.......>...#..##.### #.
.......## #.##.###.###..##.#.#
#. .......#
#.##.###.###..##.#.# #.
.......####.##.......#..##.#.#
#.
..........#.....##.###..##.#.#
#.


You could see an orc.

Vanquished Creatures
  Grinder (D:3)
  Terence (D:2)
  Robin (D:3)
  An adder (D:2)
  3 oozes
  2 dart slugs (D:2)
  4 leopard geckos
  4 orcs (D:3)
  3 ball pythons
  3 giant cockroaches
  15 goblins
  9 hobgoblins
  2 quokkas (D:2)
  6 bats
  4 frilled lizards
  5 kobolds
  6 rats
70 creatures vanquished.

Notes
Turn   | Place    | Note
-------+----------+-------------------------------------------
     0 | D:1      | Qrupt the Demonspawn Gladiator began the quest for the Orb.
     0 | D:1      | Reached XP level 1. HP: 16/16 MP: 1/1
   409 | D:1      | Upgraded the game from 0.26.1 to 0.26.1-2-gb8aa6d0cf2
   551 | D:1      | Gained mutation: You have a pair of small antennae on your
                  | head. [demonic ancestry]
   551 | D:1      | Reached XP level 2. HP: 22/22 MP: 2/2
  1623 | D:2      | Gained mutation: You have a pair of antennae on your head.
                  | [demonic ancestry]
  1623 | D:2      | Reached XP level 3. HP: 28/28 MP: 3/3
  1919 | D:2      | Found a shimmering altar of Xom.
  1926 | D:2      | Noticed Terence
  1950 | D:2      | Killed Terence
  2225 | D:2      | Reached XP level 4. HP: 33/34 MP: 4/4
  3015 | D:2      | Found a hide-covered altar of Uskayaw.
  3107 | D:3      | Noticed Grinder
  3121 | D:3      | Killed Grinder
  3122 | D:3      | Reached XP level 5. HP: 41/41 MP: 5/5
  3122 | D:3      | Gained mutation: A weak demonic guardian rushes to your
                  | aid. [demonic ancestry]
  3122 | D:3      | Reached XP level 6. HP: 47/47 MP: 6/6
  3244 | D:3      | Found a burning altar of Makhleb.
  3310 | D:3      | Noticed Robin
  3657 | D:3      | Killed Robin
  3839 | D:3      | Slain by an orc

Illustrated notes

Levels and vault maps discovered:
D:1:      minmay_arrival_cross, layout_basic, corner_web_ring, minmay_tromino_i4
D:2:      layout_basic, lemuel_coloured_pillars_altar, lemuel_doored_altar,
          uniq_terence
D:3:      layout_basic, makhleb_altar_promises_db, uniq_grinder, uniq_robin

Skill      XL: |  1  2  3  4 |
---------------+-------------+-----
Throwing       | 2 3 |  3.3
Maces & Flails | 3 |  3.9
Dodging        | 3 |  3.9
Fighting       | 3 |  3.7

Action                   |  1- 3 |  4- 6 || total
-------------------------+-------+-------++-------
Melee: Flail             |   115 |   140 ||   255
Throw: Throwing net      |       |     5 ||     5
  Use: Potion            |       |     3 ||     3
 Stab: Sleeping          |     1 |       ||     1
       Held in net/web   |       |     2 ||     2
Armor: Leather armour    |    31 |    30 ||    61
Dodge: Dodged            |    79 |   109 ||   188
